 Dungeon Crawl Stone Soup version 0.26-a0-1132-ge9770dfcb6 (webtiles) character file.

Game seed: 3712908113558336688

80 sahdkjhfkaj the Grave Robber (level 4, 0/27 HPs)
             Began as an Octopode Necromancer on Dec 21, 2020.
             Slain by a hound (1 damage)
             ... on level 2 of the Dungeon.
             The game lasted 00:02:03 (1869 turns).

sahdkjhfkaj the Grave Robber (Octopode Necromancer) Turns: 1869, Time: 00:02:04

Health: 0/27       AC:  1    Str:  6 (7)  XL:     4   Next: 39%
Magic:  1/9        EV: 13    Int: 17 (18) God:
Gold:   64         SH:  0    Dex: 11 (12) Spells: 4/9 levels left

rFire    . . .     SeeInvis .   (no weapon)
rCold    . . .     Faith    .   (no shield)
rNeg     + . .     Spirit   .   (helmet restricted)
rPois    +         Reflect  .   (no amulet)
rElec    .         Harm     .   f - ring of positive energy (curse)
rCorr    .         Rampage  .   (no ring)
Will     .....                  (no ring)
Stlth    +++.......             (no ring)
HPRegen  0.09/turn              (no ring)
MPRegen  0.11/turn              (no ring)
                                (no ring)
                                (no ring)

@: mighty, about to teleport
A: almost no armour, stealthy swim, amphibious, 8 rings, constrict 8, camouflage
1, poison resistance, gelatinous body 1
a: no special abilities


You were on level 2 of the Dungeon.
You visited 1 branch of the dungeon, and saw 2 of its levels.

You collected 64 gold pieces.

Inventory:

Jewellery
 f - a cursed ring of positive energy (left tentacle)
Scrolls
 a - a scroll of teleportation {!r}
 d - 3 scrolls of enchant armour
 e - a scroll of remove curse
 i - a scroll of fog {unknown}
Potions
 c - a potion of degeneration


   Skills:
 - Level 2.0 Dodging
 - Level 2.6 Stealth
 + Level 3.4 Spellcasting
 + Level 4.8 Necromancy


You had 4 spell levels left.
You knew the following spells:

 Your Spells              Type           Power        Failure   Level
a - Pain                  Necr           76%          2%          1
c - Vampiric Draining     Necr           9%           7%          3
K - Animate Skeleton      Necr           38%          2%          1

Your spell library contained the following spells:

 Spells                   Type           Power        Failure   Level
 Animate Dead             Necr           9%           24%         4
 Agony                    Necr           19%          54%         5


Dungeon Overview and Level Annotations

Branches:
Dungeon (2/15)

Altars:


Innate Abilities, Weirdness & Mutations

You cannot wear most types of armour.
You are very stealthy in the water. (Stealth+)
You are amphibious.
You can wear up to eight rings at the same time.
You can use your tentacles to constrict eight enemies at once.
Your skin changes colour to match your surroundings (Stealth+).
Your rubbery body absorbs attacks. (AC +1, EV +1)
Your system is resistant to poisons. (rPois)


Message History

Aim: a hound (almost dead, chance to affect: 82%)
The hound writhes in agony!
You kill the hound!
You feel your intelligence returning.
You have reached level 4!
It was a potion of mutation.
You feel extremely strange.
You feel less energetic.
You feel more energetic.
You feel resistant to poisons. The hound bites you.
* * * LOW HITPOINT WARNING * * *
The frilled lizard unfolds its giant frill.
The hound misses you.
It was a potion of might.
You feel very mighty all of a sudden. The hound misses you.
You aren't carrying any items that you can evoke.
Really read
a - 2 scrolls of teleportation {!r}?
As you read the scroll of teleportation {!r}, it crumbles to dust.
You feel strangely unstable. The hound bites you.
You die...

.....###........≈###≈≈.#
................≈# ###.#
..#..÷.#.........# .#
..#....#..........# .#
....[..)......###.# .#
...)..........# .. ##
..............# ###
...>..........######..#
..............lh@.....#
.#####'#######'####...#
.###.....###..l..# .#
.##.....###.....##
.#.....###.....##
.#....###.....##
.'...###.....## .#..##
###'### .#.## ...


You could see a hound and a frilled lizard.

Vanquished Creatures
  A hound (D:2)
  An adder (D:2)
  2 dart slugs
  3 leopard geckos (D:1)
  9 goblins
  2 hobgoblins (D:2)
  4 jackals (D:1)
  5 bats
  2 frilled lizards
  3 rats
32 creatures vanquished.

Notes
Turn   | Place    | Note
-------+----------+-------------------------------------------
     0 | D:1      | sahdkjhfkaj the Octopode Necromancer began the quest for
                  | the Orb.
     0 | D:1      | Reached XP level 1. HP: 11/11 MP: 3/3
   219 | D:1      | Learned a level 1 spell: Animate Skeleton
   278 | D:1      | Reached XP level 2. HP: 14/17 MP: 1/5
  1086 | D:1      | Reached XP level 3. HP: 21/21 MP: 7/7
  1315 | D:2      | Learned a level 3 spell: Vampiric Draining
  1867 | D:2      | Reached XP level 4. HP: 3/27 MP: 0/9
  1867 | D:2      | Gained mutation: Your magical capacity is low. (-10% MP)
                  | [potion of mutation]
  1867 | D:2      | Lost mutation: Your magical capacity is low. (-10% MP)
                  | [potion of mutation]
  1867 | D:2      | Gained mutation: Your system is resistant to poisons.
                  | (rPois) [potion of mutation]
  1867 | D:2      | HP: 1/27 [hound (2)]
  1869 | D:2      | Slain by a hound

Illustrated notes

Levels and vault maps discovered:
D:1:      minmay_arrival_cross, layout_basic
D:2:      layout_basic, serial_rivers, chequers_serial_rivers_large_a,
          chequers_serial_rivers_micro_b, chequers_serial_rivers_small_b,
          chequers_serial_rivers_small_3, chequers_serial_rivers_micro_c,
          chequers_serial_rivers_micro_b, minmay_quadrilaterals

Skill      XL: |  1  2  3 |
---------------+----------+-----
Spellcasting   | 3 |  3.4
Dodging        | |  2.0
Stealth        | |  2.6
Necromancy     | |  4.8

Action                   |  1- 3 |  4- 6 || total
-------------------------+-------+-------++-------
Melee: Unarmed           |    11 |       ||    11
       Constrict         |     5 |       ||     5
       Tentacles         |     2 |       ||     2
 Cast: Pain              |    52 |       ||    52
  Use: Potion            |     3 |     2 ||     5
       Scroll            |     3 |     1 ||     4
Dodge: Dodged            |    22 |     2 ||    24

Table legend: (Time is in decaauts)
 A = Elapsed time spent in this place.
 B = Non-inter-level travel time spent in this place.
 C = Inter-level travel time spent in this place.
 D = Time resting spent in this place.
 E = Time spent auto-exploring this place.
 F = Levels seen in this place.
 G = Mean time per level.
                   A        B        C        D        E       F      G
               +--------+--------+--------+--------+--------+-----+--------+
         Total |   1868 |   1837 |     31 |      0 |   1658 |   2 |  934.0 |
       Dungeon |   1868 |   1837 |     31 |      0 |   1658 |   2 |  934.0 |
               +--------+--------+--------+--------+--------+-----+--------+

Top non-repeatable levels by time:
     D:1: 1273 daAuts
     D:2: 595 daAuts
